 Dungeon Crawl Stone Soup version 0.27-a0-3-gcf006a40f5 (webtiles) character file.

Game seed: 15213511894082600469

81 Mesmaeker13 the Grave Robber (level 4, -1/30 HPs)
             Began as a Mummy Necromancer on Jan 1, 2021.
             Slain by Blork the orc
             ... wielding a +0 scimitar
              (7 damage)
             ... on level 4 of the Dungeon.
             The game lasted 00:03:31 (3697 turns).

Mesmaeker13 the Grave Robber (Mummy Necromancer)    Turns: 3697, Time: 00:03:32

Health: -1/30      AC:  2    Str: 11    XL:     4   Next: 19%
Magic:  0/9        EV: 13    Int: 15    God:
Gold:   247        SH:  0    Dex: 18    Spells: 6/10 levels left

rFire    x . .     SeeInvis .   c - +0 hand axe (elec)
rCold    + . .     Faith    .   (no shield)
rNeg     + + +     Spirit   .   a - +0 robe
rPois    ∞         Reflect  .   (no helmet)
rElec    .         Harm     .   (no cloak)
rCorr    .         Rampage  .   (no gloves)
Will     .....                  (no boots)
Stlth    ++........             (no amulet)
HPRegen  0.10/turn              h - +6 ring of dexterity
MPRegen  0.11/turn              (no ring)

@: no status effects
A: no potions, fire vulnerability, cold resistance 1, negative energy resistance
3, torment resistance, unbreathing
a: no special abilities


You were on level 4 of the Dungeon.
You visited 1 branch of the dungeon, and saw 4 of its levels.

You collected 247 gold pieces.

Inventory:

Hand Weapons
 c - a +0 hand axe of electrocution (weapon)
Missiles
 j - 3 javelins (quivered)
Armour
 a - a +0 robe (worn)
Jewellery
 h - a +6 ring of dexterity (left hand)
Scrolls
 b - 3 scrolls of magic mapping
 d - 3 scrolls of remove curse
 e - 2 scrolls of noise
 f - 4 scrolls of teleportation
 g - 2 scrolls of identify
 k - a scroll of amnesia


   Skills:
 + Level 2.4 Dodging
 - Level 1.5 Stealth
 + Level 3.8 Spellcasting
 + Level 4.6 Necromancy


You had 6 spell levels left.
You knew the following spells:

 Your Spells              Type           Power        Failure   Level
a - Pain                  Necr           64%          2%          1
b - Vampiric Draining     Necr           8%           9%          3

Your spell library contained the following spells:

 Spells                   Type           Power        Failure   Level
 Animate Skeleton         Necr           32%          2%          1
 Animate Dead             Necr           8%           26%         4
 Agony                    Necr           16%          58%         5


Dungeon Overview and Level Annotations

Branches:
Dungeon (4/15)
 Temple: D:4-7

Altars:
The Shining One

Annotations:
D:4 Blork the orc, Pikel


Innate Abilities, Weirdness & Mutations

You do not drink.
Your flesh is vulnerable to fire.
You are immune to poison.
Your flesh is cold resistant. (rC+)
You are immune to negative energy. (rN+++)
You are immune to unholy pain and torment.
You can survive without breathing.


Message History

You throw a javelin.
The javelin closely misses Blork the orc.
The javelin pierces through the dart slug.
The dart slug is heavily wounded.
Blork the orc closely misses you.
Casting: Vampiric Draining (quite dangerous; 9% risk of failure)
Confirm with . or Enter, or press ? or * to list all spells.
Aiming: Pain (safe; 2% risk of failure)
Press: ? - help, Shift-Dir - straight line, f/p - Blork the orc
Aim: Blork the orc, wielding a +0 scimitar and wearing a +0 robe (severely wounded, fast, very poisoned, chance to affect: 75%) Blork the orc struggles to resist.
Blork the orc closely misses you.
Unknown command.
Casting: Pain (safe; 2% risk of failure)
Confirm with . or Enter, or press ? or * to list all spells.
Aiming: Pain (safe; 2% risk of failure)
Press: ? - help, Shift-Dir - straight line, f/p - Blork the orc
Aim: Blork the orc, wielding a +0 scimitar and wearing a +0 robe (severely wounded, fast, very poisoned, chance to affect: 75%) Blork the orc writhes in agony!
Blork the orc closely misses you.
Blork the orc hits you with a +0 scimitar!
You die...

##....#
#....##
#....#
###..###
#.....#
##..###
#...##
##...#
#[.@.#
###.o.##
#.....8#####
##..(†.#...#
#..w...._.#
#.((..#...#
##...8#####
#..(.##
##..##


You could see Blork the orc (fast, very poisoned) and a dart slug.

Vanquished Creatures
  A lemure (D:3)
  An adder (D:3)
  2 oozes (D:3)
  A worm (D:2)
  A dart slug (D:2)
  2 leopard geckos (D:2)
  An orc (D:3)
  7 bats
  5 giant cockroaches
  5 goblins
  A hobgoblin (D:3)
  7 jackals (D:3)
  2 quokkas (D:3)
  3 frilled lizards
  7 kobolds
  7 rats
53 creatures vanquished.

Vanquished Creatures (others)
  10 fungi (D:3)
  14 plants (D:1)
  9 toadstools
33 creatures vanquished.

Grand Total: 86 creatures vanquished

Notes
Turn   | Place    | Note
-------+----------+-------------------------------------------
     0 | D:1      | Mesmaeker13 the Mummy Necromancer began the quest for the
                  | Orb.
     0 | D:1      | Reached XP level 1. HP: 13/13 MP: 4/4
  1204 | D:2      | Reached XP level 2. HP: 18/19 MP: 3/6
  1970 | D:2      | Reached XP level 3. HP: 11/24 MP: 0/7
  2422 | D:3      | Learned a level 3 spell: Vampiric Draining
  3133 | D:3      | Reached XP level 4. HP: 30/30 MP: 7/9
  3410 | D:4      | Noticed Pikel
  3410 | D:4      | Noticed a lemure
  3410 | D:4      | Noticed a lemure
  3410 | D:4      | Noticed a lemure
  3411 | D:4      | Noticed a lemure
  3411 | D:4      | Noticed an ogre
  3452 | D:3      | Killed a lemure
  3669 | D:4      | Found a glowing golden altar of the Shining One.
  3680 | D:4      | Noticed Blork the orc
  3697 | D:4      | Slain by Blork the orc

Illustrated notes

Levels and vault maps discovered:
D:1:      ldierk_walled_garden, layout_basic, serial_bayou,
          serial_bayou_lagoon_b, serial_bayou_shore_b, serial_bayou_lagoon_a,
          serial_bayou_lake_a
D:2:      layout_loops_corners
D:3:      layout_loops_ring, st_stairs_8, minmay_gold_behind_fungi,
          supply_closet_lemuel
D:4:      layout_rooms, nicolae_tso_carved_into_rock, uniq_blork_the_orc,
          uniq_edmund, uniq_pikel, uniq_natasha

Skill      XL: |  1  2 |
---------------+-------+-----
Spellcasting   | 3 |  3.8
Dodging        | 2 |  2.4
Stealth        | |  1.5
Necromancy     | |  4.6

Action                   |  1- 3 |  4- 6 || total
-------------------------+-------+-------++-------
Melee: Hand axe          |    16 |     7 ||    23
Throw: Dart              |       |     3 ||     3
       Javelin           |       |     1 ||     1
 Cast: Pain              |    89 |    18 ||   107
       Vampiric Draining |       |     1 ||     1
  Use: Scroll            |     6 |     1 ||     7
Armor: Robe              |     6 |       ||     6
Dodge: Dodged            |    20 |     9 ||    29

Table legend: (Time is in decaauts)
 A = Elapsed time spent in this place.
 B = Non-inter-level travel time spent in this place.
 C = Inter-level travel time spent in this place.
 D = Time resting spent in this place.
 E = Time spent auto-exploring this place.
 F = Levels seen in this place.
 G = Mean time per level.
                   A        B        C        D        E       F      G
               +--------+--------+--------+--------+--------+-----+--------+
         Total |   3770 |   3652 |    118 |    861 |   2450 |   4 |  942.5 |
       Dungeon |   3770 |   3652 |    118 |    861 |   2450 |   4 |  942.5 |
               +--------+--------+--------+--------+--------+-----+--------+

Top non-repeatable levels by time:
     D:2: 1366 daAuts
     D:3: 1205 daAuts
     D:1: 1115 daAuts
     D:4: 82 daAuts
